 Dungeon Crawl Stone Soup version 0.28.0-43-g3370ac3207 (webtiles) character file.

Game seed: 5866748741080499924

133 styxcanada the Covert (level 4, -1/23 HPs)
             Began as a Spriggan Brigand on Mar 25, 2022.
             Slain by a gnoll
             ... wielding a +0 spear
              (2 damage)
             ... on level 3 of the Dungeon.
             The game lasted 00:08:46 (2734 turns).

styxcanada the Covert (Spriggan Brigand)            Turns: 2734, Time: 00:08:47

Health: -1/23      AC:  3    Str:  7    XL:     4   Next: 94%
Magic:  5/5        EV: 17    Int: 12    God:
Gold:   47         SH:  0    Dex: 18    Spells: 3/3 levels left

rFire   . . .      SeeInvis +   l - +1 dagger (venom)
rCold   . . .      Faith    .   (no shield)
rNeg    . . .      Spirit   .   b - +0 robe
rPois   .          Reflect  .   (helmet restricted)
rElec   .          Harm     .   c - +0 cloak
rCorr   .          Rampage  .   (gloves unavailable)
Will    .....                   (boots unavailable)
Stlth   ++++......              (no amulet)
HPRegen 0.07/turn               (no ring)
MPRegen 0.09/turn               (no ring)

@: very quick
A: very small, no large weapons, unfitting armour, see invisible, speed 3
a: no special abilities


You were on level 3 of the Dungeon.
You visited 1 branch of the dungeon, and saw 3 of its levels.

You collected 47 gold pieces.

Inventory:

Hand Weapons
 a - a +2 dagger of freezing
 l - a +1 dagger of venom (weapon)
 q - a +0 short sword of flaming
Missiles
 d - 13 poisoned darts (quivered)
 e - 2 curare-tipped darts
 k - 74 stones
 m - a throwing net
 u - 28 sling bullets
Armour
 b - a +0 robe (worn)
 c - a +0 cloak (worn)
Jewellery
 h - a ring of fire
Scrolls
 f - a scroll of teleportation
 t - a scroll of holy word {unknown}
Potions
 i - a potion of attraction {unknown}
 r - a potion of mutation {unknown}
 s - 2 potions of curing {unknown}


   Skills:
 * Level 2.1 Fighting
 + Level 2.7 Short Blades
 + Level 2.1 Throwing
 * Level 2.4 Dodging
 * Level 8.4 Stealth


You had 3 spell levels left.
You didn't know any spells.
Your spell library contained the following spells:

 Spells                   Type           Power      Damage    Failure   Level
 Airstrike                Air            0%         N/A       97%         4
 Summon Lightning Spire   Summ/Air       0%         N/A       97%         4
 Lightning Bolt           Conj/Air       0%         1d11      100%        5


Dungeon Overview and Level Annotations

Branches:
Dungeon (3/15)

Altars:

Shops:
D:2 [


Innate Abilities, Weirdness & Mutations

You are very small and have problems with some larger weapons.
You are too small for most types of armour.
You have supernaturally acute eyesight. (SInv)
You cover ground extremely quickly. (Speed+++)


Message History

You hit the gnoll but do no damage.
The gnoll looks as sick as possible!
The gnoll is severely wounded.
You kill the gnoll!
The gnoll closely misses you.
Things that are here:
a +0 club; a gnoll corpse You hit the gnoll.
The gnoll is moderately wounded.
The gnoll hits you from afar with a +0 spear.
The gnoll hits you with a +0 flail of protection.
You hit the gnoll.
The gnoll is moderately wounded.
The gnoll closely misses you. The gnoll misses you.
You barely miss the gnoll.
The gnoll is moderately wounded.
The gnoll barely misses you.
You hit the gnoll but do no damage.
The gnoll is poisoned.
The gnoll is moderately wounded.
The gnoll completely misses you.
You hit the gnoll but do no damage.
The gnoll looks even sicker.
The gnoll is moderately wounded.
The gnoll misses you. The gnoll closely misses you.
You hit the gnoll but do no damage.
The gnoll looks as sick as possible!
The gnoll is moderately wounded.
The gnoll closely misses you. The gnoll barely misses you.
You hit the gnoll but do no damage.
The gnoll looks as sick as possible!
The gnoll is moderately wounded.
The gnoll closely misses you. The gnoll barely misses you.
You hit the gnoll.
You kill the gnoll!
The gnoll hits you from afar with a +0 spear.
The gnoll hits you with a +0 spear.
* * * LOW HITPOINT WARNING * * *
You see here a +0 flail of protection.
You hit the gnoll but do no damage.
The gnoll is poisoned.
You punch the gnoll.
The gnoll is heavily wounded.
You hit the gnoll.
The gnoll looks as sick as possible!
The gnoll is severely wounded.
The gnoll hits you with a +0 spear.
You die...

#.## ############# <..
##.....<.....#
#.#######...#.######.#
#..............## #.#
.###..###.##.......##
#.#
......##............#
#.#
##.......)....)....##
#.#
#....##..###...g.##
#.# ##....##..#
#รท.#@## #.#
.....g##..# #..#)#
#.## #.....##..#
#).#.# #..#
#.....##..###..<.#
##.#
#..^.......##..### #.#
#.#...####)##..# #.#
#.#(..# #.##..# #.#
...####.##..# #.#
............# #.#


You could see a gnoll (extremely poisoned).

Vanquished Creatures
  2 adders (D:2)
  3 gnolls (D:3)
  3 worms (D:2)
  2 dart slugs
  8 ball pythons
  4 endoplasms
  13 giant cockroaches
  6 goblins
  4 hobgoblins
  5 quokkas
  A bat (D:2)
  A frilled lizard (D:2)
  9 kobolds
  4 rats
65 creatures vanquished.

Notes
Turn   | Place    | Note
-------+----------+-------------------------------------------
     0 | D:1      | styxcanada the Spriggan Brigand began the quest for the
                  | Orb.
     0 | D:1      | Reached XP level 1. HP: 10/10 MP: 2/2
    27 | D:1      | You fall into a shaft and drop 1 floor!
    30 | D:2      | Found Momirree's Antique Armour Shop.
    44 | D:2      | Reached skill level 6 in Stealth
   278 | D:1      | Reached XP level 2. HP: 15/15 MP: 3/3
  1130 | D:3      | Reached skill level 7 in Stealth
  1231 | D:3      | Reached XP level 3. HP: 17/18 MP: 4/4
  1533 | D:2      | Found a faded altar of an unknown god.
  1932 | D:2      | Reached XP level 4. HP: 22/23 MP: 5/5
  2285 | D:2      | Reached skill level 8 in Stealth
  2732 | D:3      | HP: 1/23 [gnoll/+0 spear (6)]
  2734 | D:3      | Slain by a gnoll

Illustrated notes

Levels and vault maps discovered:
D:1:      evilmike_arrival_plus, layout_loops_ring, nicolae_figureground_sparkle
D:2:      minmay_roachtagon, layout_loops_ring,
          ebering_ecumenical_altar_abandoned, serial_shops,
          nicolae_shop_advertising_works [nicolae_subvault_shop_adworks]
D:3:      layout_loops_ring

Skill      XL: |  1  2  3  4 |
---------------+-------------+-----
Stealth        | 6 7 8 |  8.4
Dodging        | 2 |  2.4
Fighting       | 2 |  2.1
Short Blades   | |  2.7
Throwing       | |  2.1

Action                   |  1- 3 |  4- 6 || total
-------------------------+-------+-------++-------
Melee: Dagger            |   103 |    49 ||   152
       Punch             |     3 |     1 ||     4
Throw: Dart              |    12 |     6 ||    18
  Use: Scroll            |       |     6 ||     6
 Stab: Sleeping          |    16 |     7 ||    23
Armor: Robe              |    11 |     5 ||    16
Dodge: Dodged            |    72 |    27 ||    99
